 Dungeon Crawl Stone Soup version 0.19.1-1-g22dce08 (webtiles) character file.

6234 Gargoyl the Protected (level 10, -10/84 HPs)
             Began as a Ghoul Abyssal Knight on Jan 14, 2017.
             Was a Priest of Lugonu.
             Mangled by Snorg (11 damage)
             ... on level 10 of the Dungeon.
             The game lasted 00:22:45 (10483 turns).

Gargoyl the Protected (Ghoul Abyssal Knight)       Turns: 10483, Time: 00:22:46

Health: -10/84     AC: 20    Str: 16 (18) XL:     10   Next: 92%
Magic:  1/14       EV:  3    Int:  7      God:    Lugonu [***...]
Gold:   412        SH:  8    Dex:  6 (10) Spells: 0 memorised, 9 levels left

rFire  . . .     SeeInvis .     x - +1 war axe (elec)
rCold  + . .     Gourm    .     d - +0 plate armour
rNeg   + + +     Faith    .     w - +0 shield (curse)
rPois  ∞         Spirit   .     o - +1 helmet
rElec  .         Reflect  .     v - +2 cloak
rCorr  .         Harm     .     (no gloves)
MR     .....                    (no boots)
Stlth  ..........               G - amulet of magic regeneration
                                (no ring)
                                g - ring of flight

@: rotting
A: rotting body, claws 1, carnivore 3, cold resistance 1, negative energy
resistance 3, slow regeneration 1, torment resistance, unbreathing
a: Depart the Abyss, Bend Space, Banish, Renounce Religion, Evoke Flight


You were on level 10 of the Dungeon.
You worshipped Lugonu.
Lugonu was most pleased with you.
You were not hungry.

You visited 1 branch of the dungeon, and saw 10 of its levels.
You visited the Abyss 1 time.

You collected 412 gold pieces.

Inventory:

Hand Weapons
 e - a +6 broad axe
 m - a +0 war axe
 x - a +1 war axe of electrocution (weapon)
 J - a +4 hand axe
Missiles
 p - 4 javelins (quivered)
Armour
 d - a +0 plate armour (worn)
 o - a +1 helmet (worn)
 v - a +2 cloak (worn)
 w - a cursed +0 shield (worn)
Jewellery
 g - a ring of flight (left claw)
 t - an uncursed ring of protection from fire {unknown}
 G - an amulet of magic regeneration (around neck)
 K - an uncursed amulet of harm {unknown}
Wands
 a - a wand of polymorph (4/24)
 l - a wand of digging (17/24)
 r - a wand of digging (12/24)
 B - a wand of polymorph (12/24)
 E - a wand of paralysis (6/24)
 F - a wand of random effects (8/48)
Scrolls
 h - 2 scrolls of fear
 i - 4 scrolls of identify
 k - a scroll of magic mapping
 n - a scroll of remove curse
 y - 2 scrolls of teleportation
 C - 3 scrolls of amnesia
Potions
 f - a potion of flight
 s - a potion of cancellation
 u - a potion of invisibility
Books
 b - a book of Changes

   Spells                             Type                      Level
   a - Beastly Appendage              Transmutation                1
   b - Sticks to Snakes               Transmutation                2
   c - Spider Form                    Transmutation/Poison         3
   d - Ice Form                       Ice/Transmutation            4
   e - Blade Hands                    Transmutation                5
 q - a book of Cantrips

   Spells                             Type                      Level
   a - Confusing Touch                Hexes                        1
   b - Animate Skeleton               Necromancy                   1
   c - Summon Small Mammal            Summoning                    1
   d - Apportation                    Translocation                1
 I - a book of Conjurations

   Spells                             Type                      Level
   a - Magic Dart                     Conjuration                  1
   b - Searing Ray                    Conjuration                  2
   c - Dazzling Spray                 Conjuration/Hexes            3
   d - Fulminant Prism                Conjuration/Hexes            4
   e - Iskenderun's Mystic Blast      Conjuration                  4
   f - Iskenderun's Battlesphere      Conjuration/Charms           5
Comestibles
 c - 6 meat rations
 j - a beef jerky
 D - a slice of pizza


   Skills:
 + Level 6.6 Fighting
 + Level 7.6 Axes
   Level 1.2(4.9) Maces & Flails
 + Level 0.5 Throwing
 * Level 9.3 Armour
 + Level 1.4 Dodging
 + Level 3.6 Shields
 * Level 7.6 Invocations


You had 9 spell levels left.
You didn't know any spells.

Dungeon Overview and Level Annotations

Branches:
Dungeon (10/15)            Temple (0/1) D:6
   Lair: D:8-11         Orc: D:9-12

Altars:
Gozag
Yredelemnul

Shops:
D:4 ?   D:8 (

Annotations:
D:10 Snorg


Innate Abilities, Weirdness & Mutations

Your body is rotting away.
You thrive on raw meat.
You are immune to poison.
You have sharp fingernails.
You are carnivorous and can eat meat at any time.
Your flesh is cold resistant. (rC+)
You are immune to negative energy. (rN+++)
You regenerate slowly when monsters are visible.
You are immune to unholy pain and torment.
You can survive without breathing.


Message History

Snorg bites you. Snorg barely misses you. Snorg claws you but does no damage.
You hear the crackle of electricity.
x - a +1 war axe of electrocution (weapon)
You barely miss Snorg.
Snorg is lightly wounded.
Snorg goes berserk!
You slash Snorg!
Snorg is lightly wounded.
Snorg bites you! You block Snorg's attack. Snorg claws you! Snorg bites you!
* * * LOW HITPOINT WARNING * * *
Snorg claws you!
* * * LOW HITPOINT WARNING * * *
Snorg claws you.
* * * LOW HITPOINT WARNING * * *
Press: ? - help, Shift-Dir - straight line, f/p - Snorg
Aim: Snorg (lightly wounded, berserk, fast, unusually strong, chance to defeat MR: 55%) Snorg resists with significant effort.
You feel somewhat more hungry.
You can no longer corrupt the fabric of space.
Snorg bites you!
You die...

..## .### ...## <..
....#... ...... ....#
...# #T.# #### #@.####
###..## #.###.#
#.....### ##.....#
........## ###......##
.........####.........#
......................#
......................#
...([<..####..........#
........# ##..........#


You could see Snorg (berserk).

Vanquished Creatures
  Urug (D:10)
  A troll (D:9)
  4 hippogriffs
  Sigmund (D:2)
  The ghost of awk the Chopper, an amateur HOMo of Beogh (D:3)
  A hungry ghost (D:8)
  Duvessa (D:5)
  An ice beast (D:8)
  A black bear (D:6)
  4 orc warriors
  2 phantoms
  5 ogres
  2 centaurs
  2 big kobolds (D:8)
  6 bullfrogs
  Dowan (D:5)
  4 scorpions
  4 killer bees
  3 wights (D:8)
  6 howler monkeys
  6 crimson imps
  A centaur zombie (D:10)
  A bullfrog zombie (D:8)
  2 hounds
  7 orc priests
  3 jellies
  A centaur skeleton (D:4)
  Jessica (D:2)
  An iguana (D:7)
  10 orc wizards
  4 worker ants
  A hound skeleton (D:5)
  Robin (D:2)
  10 adders
  An adder zombie (D:9)
  2 adder skeletons (D:5)
  4 worms (D:2)
  4 leopard geckos
  32 orcs
  6 giant cockroaches
  8 hobgoblins
  2 jackals (D:4)
  2 quokkas
  3 ball pythons
  5 bats
  A frilled lizard (D:2)
  10 goblins
  16 kobolds
  A leopard gecko skeleton (D:8)
  A quokka skeleton (D:5)
  A quokka zombie (D:7)
  8 rats
207 creatures vanquished.

Vanquished Creatures (others)
  A phantom (D:7)
  An orc warrior (D:6)
  A sky beast (D:6)
  A quasit (D:7)
  An orc (D:6)
5 creatures vanquished.

Grand Total: 212 creatures vanquished

Notes
Turn   | Place    | Note
-------+----------+-------------------------------------------
     0 | Abyss:1  | Gargoyl the Ghoul Abyssal Knight began the quest for the Orb.
     0 | Abyss:1  | Reached XP level 1. HP: 19/19 MP: 1/1
    27 | Abyss:1  | Found a corrupted altar of Lugonu.
   116 | Abyss:1  | Noticed a raiju
   120 | D:1      | Escaped the Abyss
   619 | D:1      | Reached skill level 2 in Armour
   667 | D:1      | Reached XP level 2. HP: 19/26 MP: 2/2
   829 | D:1      | Reached * piety under Lugonu
  1032 | D:2      | Reached skill level 1 in Dodging
  1073 | D:2      | Reached XP level 3. HP: 21/31 MP: 3/3
  1089 | D:2      | Noticed Robin
  1108 | D:2      | Killed Robin
  1211 | D:2      | Found an opulent altar of Gozag.
  1250 | D:2      | Reached XP level 4. HP: 28/40 MP: 4/4
  1462 | D:2      | Noticed Sigmund
  1464 | D:2      | Noticed Jessica
  1476 | D:2      | Killed Jessica
  1476 | D:2      | Reached skill level 3 in Armour
  1501 | D:2      | Killed Sigmund
  1501 | D:2      | Reached XP level 5. HP: 46/46 MP: 4/6
  1501 | D:2      | Reached XP level 6. HP: 52/52 MP: 4/7
  1848 | D:3      | Reached ** piety under Lugonu
  1861 | D:3      | Noticed awk's ghost (amateur HOMo)
  2280 | D:4      | Reached skill level 4 in Armour
  2609 | D:4      | Found Zanetru's Magic Scroll Emporium.
  2640 | D:4      | Reached XP level 7. HP: 27/59 MP: 8/8
  3062 | D:5      | Entered Level 5 of the Dungeon
  3097 | D:5      | Got a polished mace
  3098 | D:5      | Identified the +8 mace of Generosity {crush, Fragile rF+ rN++ SInv} (You found it on level 5 of the Dungeon)
  3103 | D:5      | Reached skill level 5 in Armour
  3113 | D:5      | Noticed Duvessa
  3113 | D:5      | Noticed Dowan
  3418 | D:3      | Killed awk's ghost
  3468 | D:3      | Found a faded altar of an unknown god.
  3708 | D:3      | Reached skill level 1 in Maces & Flails
  3708 | D:3      | Reached XP level 8. HP: 37/67 MP: 10/10
  4054 | D:5      | Reached *** piety under Lugonu
  4122 | D:5      | Killed Duvessa
  4122 | D:5      | Reached skill level 5 in Fighting
  4122 | D:5      | Reached skill level 6 in Armour
  4137 | D:5      | Killed Dowan
  4762 | D:6      | Found a basalt altar of Yredelemnul.
  4790 | D:6      | Reached skill level 1 in Shields
  4790 | D:6      | Reached skill level 5 in Invocations
  4807 | D:6      | Reached skill level 5 in Axes
  5179 | D:6      | Reached XP level 9. HP: 16/74 MP: 8/11
  5709 | D:6      | Found a staircase to the Ecumenical Temple.
  6031 | D:6      | Reached skill level 7 in Armour
  7700 | D:8      | Reached skill level 8 in Armour
  7737 | D:8      | Reached XP level 10. HP: 54/81 MP: 14/14
  8125 | D:8      | Found Quwaf's Antique Weapon Boutique.
  9082 | D:9      | Reached **** piety under Lugonu
  9203 | D:9      | Reached skill level 9 in Armour
 10005 | D:10     | Entered Level 10 of the Dungeon
 10017 | D:10     | Noticed Urug
 10143 | D:10     | Killed Urug
 10472 | D:10     | Noticed Snorg
 10482 | D:10     | HP: 1/84 [Snorg (5)]
 10483 | D:10     | Mangled by Snorg

Skill      XL: |  1  2  3  4  5  6  7  8  9 10 |
---------------+-------------------------------+-----
Armour         | 2 3 4 5 6 8 9 |  9.3
Dodging        | 1 |  1.4
Axes           | 2 3 4 5 6 7 |  7.6
Fighting       | 4 5 6 |  6.6
Invocations    | 3 4 5 6 7 |  7.6
Maces & Flails | 1 |  1.2
Shields        | 1 2 3 |  3.6
Throwing       | |  0.5

Action                   |  1- 3 |  4- 6 |  7- 9 | 10-12 || total
-------------------------+-------+-------+-------+-------++-------
Melee: Hand axe          |    91 |   164 |    54 |       ||   309
       Mace              |       |       |    66 |       ||    66
       War axe           |       |       |   319 |   223 ||   542
       Broad axe         |       |       |       |     7 ||     7
Throw: Tomahawk          |       |       |     2 |     8 ||    10
Invok: Depart the Abyss  |     1 |       |       |       ||     1
       Banish            |       |       |     6 |     4 ||    10
       Bend Space        |       |       |     1 |       ||     1
  Use: Scroll            |     2 |     7 |    10 |     7 ||    26
       Potion            |       |     3 |       |    16 ||    19
 Stab: Invisible         |       |       |       |     2 ||     2
  Eat: Chunk             |    13 |    25 |    47 |    30 ||   115
       Meat ration       |       |       |       |     1 ||     1
Armor: Plate armour      |    93 |   154 |   491 |   168 ||   906
Dodge: Dodged            |    27 |    52 |    80 |    33 ||   192
Block: Shield            |       |       |   210 |   118 ||   328
